 Dungeon Sprint DCSS version 0.29-a0-789-g7a8fcbc185 (webtiles) character file.

Game seed: 8278552225338777229

1029 mhtbhm the Martial Artist (level 8, 0/46 HPs)
             Began as a Spriggan Transmuter on July 3, 2022.
             Was an Initiate of Gozag.
             Slain by a boulder beetle (22 damage)
             ... in the Dungeon (Sprint IX: "|||||||||||||||||||||||||||||").
             The game lasted 00:02:11 (930 turns).

mhtbhm the Martial Artist (Spriggan Transmuter)      Turns: 930, Time: 00:02:13

Health: 0/46       AC:  7    Str:  8    XL:     8   Next: 3%
Magic:  17/23      EV: 18    Int: 14    God:    Gozag
Gold:   585        SH:  0    Dex: 16    Spells: 17/27 levels left

rFire   x . .      SeeInvis +     - Unarmed
rCold   + + +      Faith    .   (shield currently unavailable)
rNeg    . . .      Spirit   .   (body armour currently unavailable)
rPois   +          Reflect  .   (helmet currently unavailable)
rElec   .          Harm     .   (cloak currently unavailable)
rCorr   .          Rampage  .   (gloves unavailable)
Will    +....      NoTele   +   (boots unavailable)
Stlth   +++.......              (no amulet)
HPRegen 0.15/turn               l - +2 ring of evasion
MPRegen 0.18/turn               m - +2 ring of evasion

@: ice-form, wereblooded, gold aura
A: freezing attack, amphibious, boosted hp, large, no large weapons, unfitting
armour, see invisible, (speed 3)
a: End Transformation, Renounce Religion, Potion Petition, Call Merchant, Bribe
Branch


You were in the Dungeon.
You worshipped Gozag.
Gozag was pleased with you.
You were a creature of crystalline ice.
You visited 1 branch You collected 585 gold pieces.

Inventory:

Armour
 a - a +0 robe (melded)
 k - a +0 cloak (melded)
Jewellery
 l - a +2 ring of evasion (left front paw)
 m - a +2 ring of evasion (right front paw)
Wands
 j - a wand of roots (8)
Scrolls
 h - 2 scrolls of blinking
 i - 2 scrolls of amnesia
Potions
 b - a potion of lignification
 c - 4 potions of curing
 d - a potion of heal wounds
 e - a potion of haste
 f - 3 potions of magic
 g - a potion of invisibility


   Skills:
 + Level 2.6 Fighting
 + Level 8.0 Dodging
 + Level 3.5 Stealth
 + Level 10.4 Unarmed Combat
 + Level 10.0 Spellcasting
 + Level 9.2 Transmutations
 + Level 2.1 Ice Magic


You had 17 spell levels left.
You knew the following spells:

 Your Spells              Type           Power      Damage    Failure   Level
a - Beastly Appendage     Tmut           64%        N/A       1%          1
b - Wereblood             Tmut           32%        N/A       1%          2
c - Spider Form           Tmut/Pois      19%        N/A       4%          3
d - Ice Form              Ice/Tmut       23%        N/A       10%         4

Your spell library contained the following spells:

 Spells                   Type           Power      Damage    Failure   Level


Dungeon Overview and Level Annotations

Branches:
Dungeon (1/1)

Altars:
Cheibriados
Dithmenos
Elyvilon
Fedhas
Gozag
Hepliaklqana
Kikubaaqudgha
Makhleb
Nemelex Xobeh
Okawaru
Qazlal
Ru
Sif Muna
Trog
Uskayaw
Vehumet
Wu Jian
Xom
Yredelemnul
Zin
The Shining One
Jiyva
Lugonu


Innate Abilities, Weirdness & Mutations

You are a creature of crystalline ice.
You have a powerful freezing melee attack.
You are amphibious.
Your maximum health is increased.
Your armour is entirely melded.
You are incapable of wielding weapons or throwing items.
You are very small and have problems with some larger weapons.
You are too small for most types of armour.
You have supernaturally acute eyesight. (SInv)
((You cover ground extremely quickly. (Speed+++)))


Message History

The boulder beetle curls into a ball and begins rolling!
Your Dodging skill increases to level 8!
Your Spellcasting skill increases to level 10!
You have reached level 8!
Casting: Ice Form (quite dangerous; 10% risk of failure)
Confirm with . or Enter, or press ? or * to list all spells.
Your blood is infused with primal strength.
You hit the boulder beetle but do no damage.
The boulder beetle is lightly wounded.
The boulder beetle bites you but does no damage.
The meliai invokes the aid of its god against you.
Something smites you!
The boulder beetle stops rolling and uncurls.
You hit the boulder beetle. You freeze the boulder beetle.
The boulder beetle is moderately wounded.
The boulder beetle bites you.
You feel much better.
The boulder beetle bites you but does no damage.
You hit the boulder beetle. You freeze the boulder beetle.
The boulder beetle is moderately wounded.
The boulder beetle misses you.
Okay, then.
You hit the boulder beetle but do no damage.
The boulder beetle is moderately wounded.
The boulder beetle is distracted by your dazzling golden aura.
The boulder beetle bites you.
You hit the boulder beetle but do no damage.
The boulder beetle is moderately wounded.
You hit the boulder beetle but do no damage.
The boulder beetle is moderately wounded.
The boulder beetle bites you!!
Ouch! That really hurt!
The meliai is distracted by your dazzling golden aura.
The meliai buzzes angrily.
You punch the boulder beetle! You freeze the boulder beetle.
The boulder beetle is moderately wounded.
The meliai is no longer distracted by gold.
The boulder beetle bites you!!
You die...
Your body crumbles into a pile of gold.

▓.▓
$
▓.▓
$
▓)▓
$
▓.▓
$
▓.▓
▓[▓
$
▓[▓
▓.▓
$
▓Y▓
$
▓B▓
$
▓J▓
$
▓y▓
$
▓B▓
$
▓.▓
$ $
▓.▓
$
▓.▓
$
▓h▓


You could see 2 boulder beetles, a slime creature and a meliai.

Vanquished Creatures
  A yak (shapeshifter) (D)
  A shadow (D)
  A steam dragon (D)
  A wraith (D)
  A black bear (D)
  A centaur (D)
  A gnoll sergeant (D)
  2 howler monkeys (D)
  A hound (D)
  A jelly (D)
  A shadow imp (D)
  3 goblins (D)
  A jackal (D)
  A bat (D)
17 creatures vanquished.

Vanquished Creatures (others)
  A vampire (D)
1 creature vanquished.

Grand Total: 18 creatures vanquished

Notes
Turn   | Place    | Note
-------+----------+-------------------------------------------
     0 | D        | mhtbhm the Spriggan Transmuter began the quest for the Orb.
     0 | D        | Reached XP level 1. HP: 9/9 MP: 5/5
    54 | D        | Noticed a hound
    54 | D        | Noticed a jelly
    54 | D        | Noticed a black bear
    54 | D        | Noticed a howler monkey
    63 | D        | Killed a hound
    64 | D        | Reached XP level 2. HP: 11/14 MP: 6/8
    64 | D        | Reached XP level 3. HP: 13/17 MP: 6/9
    68 | D        | Reached skill level 1 in Fighting
    68 | D        | Reached skill level 5 in Unarmed Combat
    68 | D        | Reached XP level 4. HP: 10/22 MP: 6/11
   272 | D        | Learned a level 2 spell: Wereblood
   276 | D        | Learned a level 3 spell: Spider Form
   281 | D        | Learned a level 4 spell: Ice Form
   519 | D        | Killed a black bear
   520 | D        | Reached skill level 5 in Dodging
   520 | D        | Reached skill level 5 in Transmutations
   520 | D        | Reached XP level 5. HP: 25/25 MP: 5/14
   530 | D        | Reached skill level 1 in Stealth
   535 | D        | Found a snail-covered altar of Cheibriados.
   535 | D        | Found a shadowy altar of Dithmenos.
   535 | D        | Found a white marble altar of Elyvilon.
   535 | D        | Found a blossoming altar of Fedhas.
   535 | D        | Found an opulent altar of Gozag.
   536 | D        | Found a hazy altar of Hepliaklqana.
   537 | D        | Found a viscous altar of Jiyva.
   538 | D        | Found an ancient bone altar of Kikubaaqudgha.
   539 | D        | Found a corrupted altar of Lugonu.
   564 | D        | Found a burning altar of Makhleb.
   565 | D        | Found a sparkling altar of Nemelex Xobeh.
   566 | D        | Found an iron altar of Okawaru.
   567 | D        | Found a stormy altar of Qazlal.
   569 | D        | Became a worshipper of Gozag Ym Sagoz the Greedy
   571 | D        | Found a sacrificial altar of Ru.
   572 | D        | Found a shimmering blue altar of Sif Muna.
   573 | D        | Found a bloodstained altar of Trog.
   574 | D        | Found a hide-covered altar of Uskayaw.
   575 | D        | Found a radiant altar of Vehumet.
   576 | D        | Found an ornate altar of the Wu Jian Council.
   577 | D        | Found a shimmering altar of Xom.
   578 | D        | Found a basalt altar of Yredelemnul.
   579 | D        | Found a glowing silver altar of Zin.
   580 | D        | Found a glowing golden altar of the Shining One.
   642 | D        | Noticed a wraith
   642 | D        | Noticed a steam dragon
   642 | D        | Noticed a vampire
   642 | D        | Noticed a centaur
   642 | D        | Noticed a shadow
   651 | D        | Killed a wraith
   652 | D        | Reached skill level 1 in Ice Magic
   652 | D        | Reached XP level 6. HP: 25/30 MP: 10/17
   653 | D        | Killed a steam dragon
   659 | D        | Reached XP level 7. HP: 20/35 MP: 13/20
   660 | D        | Killed a vampire
   667 | D        | Killed a shadow
   668 | D        | Reached skill level 10 in Unarmed Combat
   772 | D        | Noticed a yak
   772 | D        | Noticed a boulder beetle
   772 | D        | Noticed a slime creature
   772 | D        | Noticed a boulder beetle
   772 | D        | Noticed a meliai
   777 | D        | Killed a yak
   922 | D        | Reached skill level 10 in Spellcasting
   922 | D        | Reached XP level 8. HP: 36/39 MP: 18/23
   930 | D        | Slain by a boulder beetle

Illustrated notes

Levels and vault maps discovered:
D:        linesprint [early_d, line_temple, items_1, d_10, items_2, lair_1,
          lair_end, items_3, orc_1, orc_end, items_4, d_15, swamp_1, shoals_1,
          snake_1, spider_1, d_20, vaults_1, items_5, swamp_end, shoals_end,
          snake_end, spider_end, vaults_end, d_27, items_6, zot_1, zot_end,
          crypt_end, forest_end, elf_end, slime_end, tomb_end, abyss_end,
          pan_hell_end]

Skill      XL: |  1  2  3  4  5  6  7 |
---------------+----------------------+-----
Spellcasting   | 4 6 7 8 10 | 10.0
Unarmed Combat | 4 5 6 8 9 10 | 10.4
Dodging        | 3 4 5 6 7 8 |  8.0
Transmutations | 4 5 7 8 9 |  9.2
Fighting       | 1 2 |  2.6
Stealth        | 2 3 |  3.5
Ice Magic      | 1 2 |  2.1

Action                   |  1- 3 |  4- 6 |  7- 9 || total
-------------------------+-------+-------+-------++-------
Melee: Unarmed           |    20 |    28 |    18 ||    66
       Kick              |     5 |       |       ||     5
       Headbutt          |     1 |       |       ||     1
 Cast: Beastly Appendage |     2 |       |       ||     2
       Ice Form          |       |     2 |     2 ||     4
       Wereblood         |       |     2 |     2 ||     4
Evoke: Wand              |       |       |     2 ||     2
  Use: Potion            |     2 |     1 |     2 ||     5
 Stab: Sleeping          |       |       |     1 ||     1
Armor: Robe              |     2 |       |       ||     2
       Skin              |       |    10 |     2 ||    12
Dodge: Dodged            |    16 |    14 |    16 ||    46

Table legend: (Time is in decaauts)
 A = Elapsed time spent in this place.
 B = Non-inter-level travel time spent in this place.
 C = Inter-level travel time spent in this place.
 D = Time resting spent in this place.
 E = Time spent auto-exploring this place.
 F = Levels seen in this place.
 G = Mean time per level.
                   A        B        C        D        E       F      G
               +--------+--------+--------+--------+--------+-----+--------+
         Total |    910 |    910 |      0 |    733 |      1 |   1 |  910.0 |
       Dungeon |    910 |    910 |      0 |    733 |      1 |   1 |  910.0 |
               +--------+--------+--------+--------+--------+-----+--------+

Top non-repeatable levels by time:
       D: 910 daAuts
